 Dungeon Crawl Stone Soup version 0.21-a0-241-g2cbab09 (webtiles) character file.

56 Chiseanne the Ducker (level 3, -2/19 HPs)
             Began as a Spriggan Monk on Sept 3, 2017.
             Slain by a centaur (4 damage)
             ... on level 3 of the Dungeon.
             The game lasted 00:04:06 (2394 turns).

Chiseanne the Ducker (Spriggan Monk)                Turns: 2394, Time: 00:04:07

Health: -2/19      AC:  2    Str:  8    XL:     3   Next: 69%
Magic:  4/4        EV: 21    Int: 11    God:
Gold:   134        SH:  2    Dex: 18    Spells: 2/2 levels left

rFire    . . .     SeeInvis +     - Unarmed
rCold    . . .     Gourm    .   (shield restricted)
rNeg     . . .     Faith    .   a - +0 robe
rPois    .         Spirit   .   u - +0 hat
rElec    .         Reflect  +   (no cloak)
rCorr    .         Harm     .   (gloves unavailable)
MR       .....                  (boots unavailable)
Stlth    ++........             r - +2 amulet of reflection
HPRegen  0.06/turn              j - +1 ring of slaying
MPRegen  0.09/turn              (no ring)

@: very quick
A: unfitting armour, see invisible, herbivore 3, speed 3, slow metabolism 2
a: no special abilities


You were on level 3 of the Dungeon.
You were not hungry.

You visited 1 branch of the dungeon, and saw 3 of its levels.

You collected 134 gold pieces.

Inventory:

Hand Weapons
 n - a +0 hunting sling of flaming
Missiles
 d - 10 bolts
 g - 18 sling bullets
 i - 24 arrows
 l - 45 stones (quivered)
 o - 3 poisoned needles
Armour
 a - a +0 robe (worn)
 u - a +0 hat (worn)
Jewellery
 j - a +1 ring of slaying (left hand)
 k - an uncursed ring of see invisible {unknown}
 r - a +2 amulet of reflection (around neck)
 s - a +3 ring of protection {unknown}
Wands
 m - a wand of lightning (6/15)
Potions
 c - 2 potions of curing {unknown}
 e - a potion of invisibility {unknown}
 f - a potion of agility {unknown}
 h - a potion of ambrosia {unknown}
 p - a potion of magic {unknown}
Comestibles
 b - 2 bread rations
 t - a fruit


   Skills:
 * Level 2.9 Fighting
 * Level 5.3 Dodging
 - Level 3.0 Stealth
 * Level 3.0 Unarmed Combat


You had 2 spell levels left.
You didn't know any spells.

Dungeon Overview and Level Annotations

Branches:
Dungeon (3/15)

Altars:
Ashenzari
Ru

Annotations:
D:3 runt's ghost, amateur DrAE


Innate Abilities, Weirdness & Mutations

You are very small and have problems with some larger weapons.
You are too small for most types of armour.
You have supernaturally acute eyesight. (SInv)
You are a herbivore.
You cover ground extremely quickly.
You need consume almost no food.


Message History

The centaur misses you.
You hit the centaur.
The centaur is severely wounded.
The centaur barely misses you. The centaur misses you.
You hit the centaur but do no damage.
The centaur is severely wounded.
The centaur barely misses you.
You hit the centaur but do no damage.
The centaur is severely wounded.
The centaur hits you!
Ouch! That really hurt!
* * * LOW HITPOINT WARNING * * *
You block the centaur's attack.
You barely miss the centaur.
The centaur is severely wounded.
The centaur hits you but does no damage.
You hit the centaur.
The centaur is almost dead.
The centaur hits you.
You die...

######### #.......#
#.......# #.....@c#
#...$...# #.#
#.......# ##.#.#
#.......#
.....###.......#
#.#........####
#.#.##.........
#.#.##.##..#.#.#
#####.#.##.....#...


You could see a centaur.

Vanquished Creatures
  An adder (D:2)
  A dart slug (D:1)
  A leopard gecko (D:1)
  5 bats
  2 giant cockroaches
  11 hobgoblins
  3 jackals (D:1)
  6 kobolds
  A quokka (D:2)
  3 frilled lizards (D:1)
  2 goblins
  4 rats
40 creatures vanquished.

Notes
Turn   | Place    | Note
-------+----------+-------------------------------------------
     0 | D:1      | Chiseanne the Spriggan Monk began the quest for the Orb.
     0 | D:1      | Reached XP level 1. HP: 11/11 MP: 2/2
    33 | D:1      | You fall through a shaft!
   238 | D:2      | Found a sacrificial altar of Ru.
   501 | D:1      | Found a shattered altar of Ashenzari.
   547 | D:1      | Reached XP level 2. HP: 15/16 MP: 3/3
  1186 | D:1      | Reached XP level 3. HP: 17/19 MP: 4/4
  1260 | D:1      | Reached skill level 5 in Dodging
  2136 | D:3      | Noticed runt's ghost (amateur DrAE)
  2372 | D:3      | Noticed a centaur
  2394 | D:3      | Slain by a centaur

Vault maps used:
D:1:      dpeg_arrival_chase, ashenzari_altar_1
D:2:      wad_pebble_path, corexii_corridor_pit, minivault_23,
          nicolae_ru_sacrificial_ziggurat

Skill      XL: |  1  2  3 |
---------------+----------+-----
Dodging        | 5 |  5.3
Unarmed Combat | 3 |  3.0
Fighting       | |  2.9
Stealth        | |  3.0

Action                   || total
-------------------------++-------
Melee: Unarmed           ||   184
       Punch             ||     3
  Use: Scroll            ||     8
 Stab: Sleeping          ||     6
Armor: Robe              ||    11
Dodge: Dodged            ||   152
Block: Other             ||     1

Table legend:
 A = Spawn XP
 B = Non-spawn XP
 C = Spawn XP percentage of total XP
 D = Spawn monster count
 E = Non-spawn monster count
 F = Spawn count percentage of total count
 G = Total turns spent on level
                    A         B        C        D         E        F      G
               +---------+---------+-------+---------+---------+-------+---------
         Total |      22 |      58 |  27.5 |       6 |      34 |  15.0 |  2394
               +---------+---------+-------+---------+---------+-------+---------
           D:1 |       9 |      35 |  20.5 |       5 |      20 |  20.0 |  1141
           D:2 |      13 |      17 |  43.3 |       1 |      11 |   8.3 |  1010
           D:3 |       0 |       6 |   0.0 |       0 |       3 |   0.0 |   243
               +---------+---------+-------+---------+---------+-------+---------
